Penguins vs Canucks
Created - February 22, 2025 at 23:12
Goals
|
| Penguins |
2 |
5 |
0 |
7 |
| Canucks |
1 |
2 |
1 |
4 |
|
Shots
|
| Penguins |
11 |
13 |
14 |
38 |
| Canucks |
11 |
12 |
14 |
37 |
|
1st period
1. Penguins , Denis Malgin 25 (Clayton Keller 47, Sampo Ranta 5) at 2:55
2. Penguins , Denis Malgin 26 (Matthew Boldy 28, John Marino 7) at 5:59
3. Canucks , Ryan Lomberg 37 (Juho Lammikko 24, William Lagesson 15) at 7:14
Penalties :
Ryan Lomberg (Abb) for High sticking (Minor) at 7:23, Adam Ollas-Mattsson (Abb) for Roughing (Minor) at 12:42
2nd period
4. Penguins , Dakota Mermis 11 (John Marino 8) at 6:02 (PP)
5. Penguins , Denis Malgin 27 (Clayton Keller 48, Matthew Boldy 29) at 7:19 (PP)
6. Canucks , Trevor Moore 18 (William Lockwood 14, Axel Holmstrom 21) at 9:57
7. Penguins , Matthew Boldy 33 (Denis Malgin 36) at 11:10 (PP)
8. Penguins , Jesper Boqvist 10 (Philipp Kurashev 23, Marc Del Gaizo 23) at 14:17
9. Penguins , Clayton Keller 24 (Matthew Boldy 30, John Marino 9) at 14:32
10. Canucks , Axel Holmstrom 11 (Daniil Miromanov 13, William Lagesson 16) at 16:20
Penalties :
Adam Ollas-Mattsson (Abb) for Slashing (Minor) at 1:08, William Lockwood (Abb) for Hooking (Minor) at 5:26, Adam Ollas-Mattsson (Abb) for Goalie Interference (Minor) at 7:04, Ryan Lomberg (Abb) for High sticking (Double Minor) at 11:09, Josh Ho-Sang (Wil) for Slashing (Minor) at 17:20
3rd period
11. Canucks , Dan Renouf 7 (Adam Ollas-Mattsson 32, Axel Holmstrom 22) at 3:19
Penalties :
Juho Lammikko (Abb) for High sticking (Minor) at 7:18
Goalie Stats
Spencer Knight (Wil), 33 saves from 37 shots - (0.892), W, 11-10-2, 60:00 minutes
Thatcher Demko (Abb), 10 saves from 14 shots - (0.714), 27:19 minutes
Casey DeSmith (Abb), 21 saves from 24 shots - (0.875), L, 2-3-2, 32:41 minutes
Players Stats for Penguins
Player Name G A P +/- PIM S H SB GA TA FO MP PP MP PK MP
------------------------------------------------------------------------------------
Bowen Byram 0 0 0 0 0 0 0 0 0 0 0/0 9:45 0:00 0:00
Clayton Keller 1 2 3 3 0 1 2 1 1 0 4/4 21:05 5:49 0:00
Dakota Mermis 1 0 1 1 0 1 3 4 0 1 0/0 28:09 6:29 0:37
Denis Malgin 3 1 4 3 0 8 3 0 1 0 17/34 22:17 5:49 1:12
Dmitry Voronkov 0 0 0 0 0 1 1 0 0 0 2/4 8:10 0:00 0:00
Evan Rodrigues 0 0 0 -2 0 2 2 0 1 0 0/0 17:53 4:55 0:53
Jeff Malott 0 0 0 -1 0 3 0 0 0 0 0/0 12:42 0:03 0:56
Jesper Boqvist 1 0 1 -2 0 2 1 1 0 0 2/2 17:00 4:55 0:00
Jesperi Kotkaniemi 0 0 0 -1 0 1 2 0 0 0 2/5 12:33 0:03 0:47
John Marino 0 3 3 1 0 3 4 4 0 0 0/0 28:09 6:29 0:37
Josh Ho-Sang 0 0 0 -1 2 2 0 1 0 0 0/1 11:45 0:03 0:00
Marc Del Gaizo 0 1 1 -1 0 1 1 4 0 0 0/0 22:06 4:18 1:22
Matthew Boldy 1 3 4 3 0 8 2 1 3 0 0/2 21:05 5:49 0:00
Noah Dobson 0 0 0 -1 0 1 0 1 0 0 0/0 22:06 4:18 1:22
Philipp Kurashev 0 1 1 -2 0 1 2 0 1 0 6/10 17:00 4:55 0:00
Sampo Ranta 0 1 1 0 0 1 0 0 0 0 0/0 8:20 0:00 0:10
Valtteri Puustinen 0 0 0 0 0 1 0 0 1 0 0/0 8:10 0:00 0:00
Viktor Loov 0 0 0 0 0 1 2 0 0 0 0/0 9:45 0:00 0:00
Players Stats for Canucks
Player Name G A P +/- PIM S H SB GA TA FO MP PP MP PK MP
------------------------------------------------------------------------------------
Adam Ollas-Mattsson 0 1 1 -1 6 2 1 1 0 2 0/0 26:56 1:09 4:19
Aku Raty 0 0 0 0 0 0 0 1 0 0 0/0 8:27 0:00 0:00
Aleksi Heponiemi 0 0 0 0 0 1 0 0 0 0 2/2 8:27 0:00 0:00
Axel Holmstrom 1 2 3 2 0 3 0 0 0 0 5/9 14:31 0:53 1:04
C.J. Smith 0 0 0 0 0 1 5 0 0 1 0/0 8:34 0:07 0:00
Dan Renouf 1 0 1 -1 0 3 0 1 0 2 0/0 28:25 1:09 6:27
Daniil Miromanov 0 1 1 1 0 5 3 0 0 0 0/0 21:05 0:50 4:33
Jack Rathbone 0 0 0 0 0 0 0 0 0 1 0/0 12:43 0:00 1:55
Juho Lammikko 0 1 1 0 2 2 1 0 0 0 0/0 18:17 0:59 2:18
Lane Pederson 0 0 0 -2 0 2 4 0 0 0 2/4 14:17 0:00 3:05
Mackenzie MacEachern 0 0 0 -2 0 5 0 0 0 0 0/1 12:59 0:10 2:04
Nicolas Petan 0 0 0 0 0 3 2 0 0 0 19/40 21:39 0:59 5:59
Ryan Lomberg 1 0 1 0 6 5 2 1 1 1 0/3 20:15 1:03 3:44
Tobias Lindberg 0 0 0 -2 0 1 2 0 0 1 0/1 10:28 0:00 0:00
Trevor Moore 1 0 1 2 0 1 2 0 0 0 0/1 17:08 0:53 3:20
Will Borgen 0 0 0 0 0 1 0 0 0 0 0/0 11:31 0:00 0:05
William Lagesson 0 2 2 1 0 0 0 1 0 0 0/0 20:04 0:50 4:15
William Lockwood 0 1 1 2 2 2 1 0 0 0 1/1 13:20 0:53 0:00
3 Stars
1 - Denis Malgin (Wil)
2 - Matthew Boldy (Wil)
3 - Clayton Keller (Wil)
Power Play
Penguins - 3 on 8 Attempt(s) - 37.50%
Canucks - 0 on 1 Attempt(s) - 0.00%
Penalty Kill
Penguins - 1 on 1 Attempt(s) - 100.00%
- Score 0 goal in Penalty Kill
Canucks - 5 on 8 Attempt(s) - 62.50%
- Score 0 goal in Penalty Kill
Team Stat
Penguins - Hits : 25 - Faceoff Wins : 33 - Blocked Shots : 17 - Penalty Minutes : 2
Canucks - Hits : 23 - Faceoff Wins : 29 - Blocked Shots : 5 - Penalty Minutes : 16
Official
Referees : Kevin Pollock and Michael Markovic
Linesman : Jesse Marquis and Steve Miller
Game Notes
Denis Malgin has scored a Hat Trick!
Casey DeSmith enters game at 7:19 of 2nd period
16:20 of 2nd period - Canucks goal is going for a video replay. After video review, Goal.
Finance
Level 1 -- Attendance: 1898 (94.90%) -- Ticket Income $132,860
Level 2 -- Attendance: 932 (93.20%) -- Ticket Income $37,280
Total Attendance: 2830 (94.33%)
Total Ticket Income: $170,140
Other Income: $8,507
Total Income: $178,647
Penguins
5 vs 5 Forward
Center Left Wing Right Wing Time % Phy DF OF
1 Denis Malgin Matthew Boldy Clayton Keller 40 1 2 2
2 Philipp Kurashev Evan Rodrigues Jesper Boqvist 30 1 2 2
3 Jesperi Kotkaniemi Jeff Malott Josh Ho-Sang 20 1 2 2
4 Dmitry Voronkov Sampo Ranta Valtteri Puustinen 10 1 2 2
5 vs 5 Defense
Defense Defense Time % Phy DF OF
1 Dakota Mermis John Marino 40 1 2 2
2 Noah Dobson Marc Del Gaizo 30 1 2 2
3 Bowen Byram Viktor Loov 20 1 2 2
4 Dakota Mermis John Marino 10 1 2 2
PowerPlay Forward
Center Left Wing Right Wing Time % Phy DF OF
1 Denis Malgin Matthew Boldy Clayton Keller 60 0 2 3
2 Philipp Kurashev Evan Rodrigues Jesper Boqvist 40 0 2 3
PowerPlay Defense
Defense Defense Time % Phy DF OF
1 Dakota Mermis John Marino 60 0 2 3
2 Noah Dobson Marc Del Gaizo 40 0 2 3
Penalty Kill 4 Players Forward
Center Wing Time % Phy DF OF
1 Denis Malgin Evan Rodrigues 60 1 3 1
2 Jesperi Kotkaniemi Sampo Ranta 40 1 3 1
Penalty Kill 4 Players Defense
Defense Defense Time % Phy DF OF
1 Dakota Mermis John Marino 60 1 3 1
2 Noah Dobson Marc Del Gaizo 40 1 3 1
Penalty Kill - 3 Players Forward
Forward Time % Phy DF OF
1 Evan Rodrigues 60 1 3 1
2 Denis Malgin 40 1 3 1
Penalty Kill - 3 Players Defense
Defense Defense Time % Phy DF OF
1 Dakota Mermis John Marino 60 1 3 1
2 Noah Dobson Marc Del Gaizo 40 1 3 1
4 vs 4 Forward
Center Wing Time % Phy DF OF
1 Denis Malgin Matthew Boldy 60 1 2 2
2 Philipp Kurashev Evan Rodrigues 40 1 2 2
4 vs 4 Defense
Defense Defense Time % Phy DF OF
1 Dakota Mermis John Marino 60 1 2 2
2 Noah Dobson Marc Del Gaizo 40 1 2 2
Last Minutes Offensive
Center Left Wing Right Wing Defense Defense
Denis Malgin Matthew Boldy Clayton Keller Dakota Mermis John Marino
Last Minutes Defensive
Center Left Wing Right Wing Defense Defense
Denis Malgin Evan Rodrigues Clayton Keller Dakota Mermis John Marino
Goaltenders
Starting : Spencer Knight
Backup : Anthony Stolarz
Extra Forwards
Normal : Matthew Boldy, Jesperi Kotkaniemi, Denis Malgin - PP : Matthew Boldy, Evan Rodrigues - PK : Denis Malgin
Extra Defensemen
Normal : Dakota Mermis, Noah Dobson, Bowen Byram - PP : Dakota Mermis - PK : John Marino, Dakota Mermis
Penalty Shots
Evan Rodrigues, Denis Malgin, Clayton Keller, Matthew Boldy, Philipp Kurashev
Custom OT Lines Forwards
Evan Rodrigues, Denis Malgin, Clayton Keller, Matthew Boldy, Philipp Kurashev, Jesper Boqvist, Dmitry Voronkov, Jesperi Kotkaniemi, Josh Ho-Sang, Sampo Ranta
Custom OT Lines Defensemen
Dakota Mermis, John Marino, Noah Dobson, Marc Del Gaizo, Bowen Byram
Scratches
Juuso Ikonen (Healthy), Kevin Stenlund (Healthy), Matthew Finn (Healthy), Austin Strand (Healthy), Ryan MacInnis (Healthy)
Sam Kurker (Healthy), Adam Brooks (Healthy), Shawn Boudrias (Healthy), Artemi Kniazev (Healthy), Ryan Johnson (Healthy)
Nolan Foote (Healthy), Zachary Bouthillier (Healthy)
Canucks
5 vs 5 Forward
Center Left Wing Right Wing Time % Phy DF OF
1 Nicolas Petan Ryan Lomberg Juho Lammikko 40 1 2 2
2 Axel Holmstrom Trevor Moore William Lockwood 30 1 2 2
3 Lane Pederson Mackenzie MacEachern Tobias Lindberg 20 1 2 2
4 Aleksi Heponiemi C.J. Smith Aku Raty 10 1 2 2
5 vs 5 Defense
Defense Defense Time % Phy DF OF
1 Dan Renouf Adam Ollas-Mattsson 40 1 2 2
2 William Lagesson Daniil Miromanov 30 1 2 2
3 Will Borgen Jack Rathbone 20 1 2 2
4 Dan Renouf Adam Ollas-Mattsson 10 1 2 2
PowerPlay Forward
Center Left Wing Right Wing Time % Phy DF OF
1 Nicolas Petan Ryan Lomberg Juho Lammikko 60 1 2 2
2 Axel Holmstrom Trevor Moore William Lockwood 40 1 2 2
PowerPlay Defense
Defense Defense Time % Phy DF OF
1 Dan Renouf Adam Ollas-Mattsson 60 1 2 2
2 William Lagesson Daniil Miromanov 40 1 2 2
Penalty Kill 4 Players Forward
Center Wing Time % Phy DF OF
1 Nicolas Petan Ryan Lomberg 60 1 2 2
2 Juho Lammikko Trevor Moore 40 1 2 2
Penalty Kill 4 Players Defense
Defense Defense Time % Phy DF OF
1 Dan Renouf Adam Ollas-Mattsson 60 1 2 2
2 William Lagesson Daniil Miromanov 40 1 2 2
Penalty Kill - 3 Players Forward
Forward Time % Phy DF OF
1 Nicolas Petan 60 1 2 2
2 Ryan Lomberg 40 1 2 2
Penalty Kill - 3 Players Defense
Defense Defense Time % Phy DF OF
1 Dan Renouf Adam Ollas-Mattsson 60 1 2 2
2 William Lagesson Daniil Miromanov 40 1 2 2
4 vs 4 Forward
Center Wing Time % Phy DF OF
1 Nicolas Petan Ryan Lomberg 60 1 2 2
2 Juho Lammikko Trevor Moore 40 1 2 2
4 vs 4 Defense
Defense Defense Time % Phy DF OF
1 Dan Renouf Adam Ollas-Mattsson 60 1 2 2
2 William Lagesson Daniil Miromanov 40 1 2 2
Last Minutes Offensive
Center Left Wing Right Wing Defense Defense
Nicolas Petan Ryan Lomberg Juho Lammikko Dan Renouf Adam Ollas-Mattsson
Last Minutes Defensive
Center Left Wing Right Wing Defense Defense
Nicolas Petan Ryan Lomberg Juho Lammikko Dan Renouf Adam Ollas-Mattsson
Goaltenders
Starting : Thatcher Demko
Backup : Casey DeSmith
Extra Forwards
Normal : Mackenzie MacEachern, C.J. Smith, Lane Pederson - PP : Mackenzie MacEachern, C.J. Smith - PK : Lane Pederson
Extra Defensemen
Normal : Will Borgen, Jack Rathbone, William Lagesson - PP : Will Borgen - PK : Jack Rathbone, William Lagesson
Penalty Shots
Nicolas Petan, Ryan Lomberg, Juho Lammikko, Trevor Moore, Axel Holmstrom
Custom OT Lines Forwards
Nicolas Petan, Ryan Lomberg, Juho Lammikko, Trevor Moore, Axel Holmstrom, Mackenzie MacEachern, C.J. Smith, William Lockwood, Lane Pederson, Aleksi Heponiemi
Custom OT Lines Defensemen
Dan Renouf, Adam Ollas-Mattsson, William Lagesson, Daniil Miromanov, Will Borgen
Scratches
Charles Hudon (Healthy), Curtis Lazar (Bruised Left Arm Injury), Guillaume Brisebois (Bruised Left Arm Injury), Brandon Saigeon (Healthy), Jay O'Brien (Healthy)
Michael Kesselring (Healthy), Simon Bourque (Healthy), Rasmus Asplund (Healthy), Jake Paterson (Healthy), Marek Langhamer (Healthy)
% Time on Ice - Penguins
Lines # - Real PCT - Wanted PCT - Time Play
Normal Forward
1 - 33% - 40% - 15:32
2 - 26% - 30% - 12:05
3 - 24% - 20% - 11:27
4 - 17% - 10% - 8:10
Normal Defense
1 - 40% - 40% - 19:01
2 - 35% - 30% - 16:26
3 - 21% - 20% - 9:45
4 - 4% - 10% - 2:02
PP Forward
1 - 54% - 60% - 5:52
2 - 46% - 40% - 4:55
PP Defense
1 - 60% - 60% - 6:29
2 - 40% - 40% - 4:18
PK Forward
1 - 92% - 60% - 1:49
2 - 8% - 40% - 0:10
PK Defense
1 - 31% - 60% - 0:37
2 - 69% - 40% - 1:22
PK3 Forward
1 - 0% - 60%
2 - 0% - 40%
PK3 Defense
1 - 0% - 60%
2 - 0% - 40%
44 Forward
1 - 0% - 60%
2 - 0% - 40%
44 Defense
1 - 0% - 60%
2 - 0% - 40%
Last Minute Offensive - 0:00
Last Minute Defensive - 0:00
Total
Forward - 60:00
Defense - 60:00
|
% Time on Ice - Canucks
Lines # - Real PCT - Wanted PCT - Time Play
Normal Forward
1 - 33% - 40% - 15:30
2 - 27% - 30% - 12:49
3 - 22% - 20% - 10:28
4 - 18% - 10% - 8:27
Normal Defense
1 - 41% - 40% - 19:11
2 - 32% - 30% - 14:59
3 - 23% - 20% - 10:44
4 - 5% - 10% - 2:20
PP Forward
1 - 55% - 60% - 1:06
2 - 45% - 40% - 0:53
PP Defense
1 - 58% - 60% - 1:09
2 - 42% - 40% - 0:50
PK Forward
1 - 72% - 60% - 7:47
2 - 28% - 40% - 3:00
PK Defense
1 - 61% - 60% - 6:32
2 - 39% - 40% - 4:15
PK3 Forward
1 - 0% - 60%
2 - 0% - 40%
PK3 Defense
1 - 0% - 60%
2 - 0% - 40%
44 Forward
1 - 0% - 60%
2 - 0% - 40%
44 Defense
1 - 0% - 60%
2 - 0% - 40%
Last Minute Offensive - 0:00
Last Minute Defensive - 0:00
Total
Forward - 60:00
Defense - 60:00
|
Play-by-Play
1st period
0:01 of 1st period - Nicolas Petan wins face-off versus Denis Malgin in neutral zone.
0:04 of 1st period - Snap shot by Ryan Lomberg.
0:04 of 1st period - Shot Misses the Net.
0:06 of 1st period - Slapshot by Adam Ollas-Mattsson.
0:06 of 1st period - Shot Blocked by Matthew Boldy.
0:16 of 1st period - Snap shot by Ryan Lomberg.
0:16 of 1st period - Shot Blocked by Dakota Mermis.
0:26 of 1st period - William Lockwood is hit by Dakota Mermis.
0:56 of 1st period - Mackenzie MacEachern is hit by Jesperi Kotkaniemi and loses puck.
2:55 of 1st period - Slapshot by Denis Malgin.
2:55 of 1st period - Goal by Denis Malgin - Penguins : 1 - Canucks : 0.
2:56 of 1st period - Denis Malgin wins face-off versus Ryan Lomberg in neutral zone.
3:01 of 1st period - Wrist shot by Matthew Boldy.
3:01 of 1st period - Deflect By William Lagesson.
3:01 of 1st period - Stopped by Thatcher Demko without a rebound.
3:02 of 1st period - Denis Malgin wins face-off versus Nicolas Petan in Canucks zone.
3:17 of 1st period - Snap shot by Clayton Keller.
3:17 of 1st period - Shot Misses the Net.
3:52 of 1st period - Wrist shot by Philipp Kurashev.
3:52 of 1st period - Shot Blocked by Dan Renouf.
3:57 of 1st period - Icing by Mackenzie MacEachern.
3:58 of 1st period - Denis Malgin wins face-off versus Mackenzie MacEachern in Canucks zone.
3:59 of 1st period - Wrist shot by Matthew Boldy.
3:59 of 1st period - Stopped by Thatcher Demko with a rebound.
4:09 of 1st period - Snap shot by Tobias Lindberg.
4:09 of 1st period - Deflect By Mackenzie MacEachern.
4:09 of 1st period - Stopped by Spencer Knight with a rebound.
4:11 of 1st period - Slapshot by Dan Renouf.
4:11 of 1st period - Deflect By Lane Pederson.
4:11 of 1st period - Stopped by Spencer Knight with a rebound.
4:57 of 1st period - Wrist shot by Mackenzie MacEachern.
4:57 of 1st period - Shot Misses the Net.
5:13 of 1st period - Snap shot by Mackenzie MacEachern.
5:13 of 1st period - Shot Misses the Net.
5:15 of 1st period - Slapshot by Adam Ollas-Mattsson.
5:15 of 1st period - Shot Blocked by Dakota Mermis.
5:17 of 1st period - Slapshot by Dan Renouf.
5:17 of 1st period - Shot Blocked by John Marino.
5:21 of 1st period - Slapshot by Mackenzie MacEachern.
5:21 of 1st period - Shot Misses the Net.
5:23 of 1st period - Slapshot by Adam Ollas-Mattsson.
5:23 of 1st period - Stopped by Spencer Knight with a rebound.
5:25 of 1st period - Wrist shot by Dan Renouf.
5:25 of 1st period - Stopped by Spencer Knight with a rebound.
5:27 of 1st period - Snap shot by Mackenzie MacEachern.
5:27 of 1st period - Stopped by Spencer Knight with a rebound.
5:29 of 1st period - Wrist shot by Mackenzie MacEachern.
5:29 of 1st period - Stopped by Spencer Knight with a rebound.
5:31 of 1st period - Slapshot by Adam Ollas-Mattsson.
5:31 of 1st period - Shot Misses the Net.
5:37 of 1st period - Snap shot by Mackenzie MacEachern.
5:37 of 1st period - Shot Blocked by John Marino.
5:39 of 1st period - Slapshot by Tobias Lindberg.
5:39 of 1st period - Shot Misses the Net.
5:41 of 1st period - Wrist shot by Adam Ollas-Mattsson.
5:41 of 1st period - Shot Misses the Net.
5:43 of 1st period - Slapshot by Mackenzie MacEachern.
5:43 of 1st period - Stopped by Spencer Knight with a rebound.
5:59 of 1st period - Wrist shot by Denis Malgin.
5:59 of 1st period - Goal by Denis Malgin - Penguins : 2 - Canucks : 0.
6:00 of 1st period - Jesper Boqvist wins face-off versus Nicolas Petan in neutral zone.
6:52 of 1st period - Aku Raty is hit by Dmitry Voronkov and loses puck.
7:14 of 1st period - Wrist shot by Ryan Lomberg.
7:14 of 1st period - Goal by Ryan Lomberg - Penguins : 2 - Canucks : 1.
7:15 of 1st period - Nicolas Petan wins face-off versus Philipp Kurashev in neutral zone.
7:23 of 1st period - Minor Penalty to Ryan Lomberg for High sticking.
7:24 of 1st period - Denis Malgin wins face-off versus Nicolas Petan in Canucks zone.
9:23 of 1st period - Penalty to Ryan Lomberg is over, Ryan Lomberg is back on ice.
9:30 of 1st period - Will Borgen is hit by Jesperi Kotkaniemi and loses puck.
9:35 of 1st period - Slapshot by Josh Ho-Sang.
9:35 of 1st period - Stopped by Thatcher Demko with a rebound.
9:51 of 1st period - Viktor Loov is hit by Trevor Moore and loses puck.
10:36 of 1st period - Adam Ollas-Mattsson is hit by Viktor Loov and loses puck.
11:07 of 1st period - Juho Lammikko is hit by Marc Del Gaizo and loses puck.
11:20 of 1st period - Snap shot by C.J. Smith.
11:20 of 1st period - Shot Misses the Net.
11:22 of 1st period - Slapshot by Will Borgen.
11:22 of 1st period - Stopped by Spencer Knight with a rebound.
11:25 of 1st period - Icing by Jesper Boqvist.
11:26 of 1st period - Philipp Kurashev wins face-off versus Axel Holmstrom in Penguins zone.
12:25 of 1st period - Will Borgen is hit by John Marino and loses puck.
12:30 of 1st period - Snap shot by John Marino.
12:30 of 1st period - Shot Misses the Net.
12:32 of 1st period - Slapshot by John Marino.
12:32 of 1st period - Shot Misses the Net.
12:34 of 1st period - Slapshot by Dmitry Voronkov.
12:34 of 1st period - Stopped by Thatcher Demko without a rebound.
12:35 of 1st period - Philipp Kurashev wins face-off versus Nicolas Petan in Canucks zone.
12:40 of 1st period - Wrist shot by Evan Rodrigues.
12:40 of 1st period - Shot Misses the Net.
12:42 of 1st period - Minor Penalty to Adam Ollas-Mattsson for Roughing.
12:43 of 1st period - Clayton Keller wins face-off versus Nicolas Petan in Canucks zone.
14:42 of 1st period - Penalty to Adam Ollas-Mattsson is over, Adam Ollas-Mattsson is back on ice.
15:24 of 1st period - Wrist shot by Lane Pederson.
15:24 of 1st period - Stopped by Spencer Knight without a rebound.
15:25 of 1st period - Philipp Kurashev wins face-off versus Axel Holmstrom in Penguins zone.
15:40 of 1st period - Off-side.
15:41 of 1st period - Axel Holmstrom wins face-off versus Josh Ho-Sang in neutral zone.
15:55 of 1st period - Snap shot by William Lockwood.
15:55 of 1st period - Stopped by Spencer Knight with a rebound.
16:05 of 1st period - C.J. Smith is hit by Clayton Keller and loses puck.
16:14 of 1st period - Clayton Keller is hit by C.J. Smith and loses puck.
16:35 of 1st period - Snap shot by Evan Rodrigues.
16:35 of 1st period - Stopped by Thatcher Demko with a rebound.
17:08 of 1st period - Jesperi Kotkaniemi is hit by Nicolas Petan and loses puck.
18:25 of 1st period - Nicolas Petan is hit by Matthew Boldy and loses puck.
18:53 of 1st period - Snap shot by Valtteri Puustinen.
18:53 of 1st period - Stopped by Thatcher Demko without a rebound.
18:54 of 1st period - Nicolas Petan wins face-off versus Philipp Kurashev in Canucks zone.
19:21 of 1st period - Daniil Miromanov is hit by John Marino and loses puck.
19:48 of 1st period - Snap shot by Josh Ho-Sang.
19:48 of 1st period - Stopped by Thatcher Demko without a rebound.
19:49 of 1st period - Denis Malgin wins face-off versus Nicolas Petan in Canucks zone.
19:54 of 1st period - Wrist shot by Denis Malgin.
19:54 of 1st period - Stopped by Thatcher Demko with a rebound.
19:56 of 1st period - Slapshot by Noah Dobson.
19:56 of 1st period - Stopped by Thatcher Demko without a rebound.
19:57 of 1st period - Nicolas Petan wins face-off versus Denis Malgin in Canucks zone.
Goals for this period are 2 for Penguins vs 1 for Canucks.
Shots for this period are 11 for Penguins vs 11 for Canucks.
2nd period
0:01 of 2nd period - Denis Malgin wins face-off versus Nicolas Petan in neutral zone.
0:04 of 2nd period - Adam Ollas-Mattsson is hit by Denis Malgin and loses puck.
0:33 of 2nd period - Noah Dobson is hit by Nicolas Petan and loses puck.
1:08 of 2nd period - Minor Penalty to Adam Ollas-Mattsson for Slashing.
1:09 of 2nd period - Denis Malgin wins face-off versus Nicolas Petan in Canucks zone.
3:08 of 2nd period - Penalty to Adam Ollas-Mattsson is over, Adam Ollas-Mattsson is back on ice.
3:34 of 2nd period - Viktor Loov is hit by C.J. Smith and loses puck.
3:45 of 2nd period - C.J. Smith is hit by Viktor Loov.
4:36 of 2nd period - Slapshot by Dan Renouf.
4:36 of 2nd period - Stopped by Spencer Knight without a rebound.
4:37 of 2nd period - Clayton Keller wins face-off versus Lane Pederson in Penguins zone.
4:37 of 2nd period - Clayton Keller is hit by Lane Pederson.
4:45 of 2nd period - Mackenzie MacEachern is hit by Denis Malgin and loses puck.
5:21 of 2nd period - Wrist shot by Jeff Malott.
5:21 of 2nd period - Stopped by Thatcher Demko without a rebound.
5:22 of 2nd period - Jesperi Kotkaniemi wins face-off versus Axel Holmstrom in Canucks zone.
5:26 of 2nd period - Minor Penalty to William Lockwood for Hooking.
5:27 of 2nd period - Nicolas Petan wins face-off versus Denis Malgin in Canucks zone.
5:27 of 2nd period - Nicolas Petan is hit by Dakota Mermis.
6:02 of 2nd period - Slapshot by Dakota Mermis.
6:02 of 2nd period - Goal by Dakota Mermis - Penguins : 3 - Canucks : 1.
6:03 of 2nd period - Nicolas Petan wins face-off versus Denis Malgin in neutral zone.
6:28 of 2nd period - Axel Holmstrom is hit by Philipp Kurashev and loses puck.
7:04 of 2nd period - Minor Penalty to Adam Ollas-Mattsson for Goalie Interference.
7:05 of 2nd period - Nicolas Petan wins face-off versus Denis Malgin in Canucks zone.
7:17 of 2nd period - Snap shot by Denis Malgin.
7:17 of 2nd period - Shot Misses the Net.
7:19 of 2nd period - Wrist shot by Clayton Keller.
7:19 of 2nd period - Deflect By Denis Malgin.
7:19 of 2nd period - Goal by Denis Malgin - Penguins : 4 - Canucks : 1.
7:19 of 2nd period - Casey DeSmith enters game.
7:20 of 2nd period - Nicolas Petan wins face-off versus Denis Malgin in neutral zone.
7:35 of 2nd period - Wrist shot by Matthew Boldy.
7:35 of 2nd period - Stopped by Casey DeSmith without a rebound.
7:36 of 2nd period - Axel Holmstrom wins face-off versus Philipp Kurashev in Canucks zone.
7:36 of 2nd period - Axel Holmstrom is hit by Philipp Kurashev.
7:47 of 2nd period - Icing by William Lagesson.
7:48 of 2nd period - Denis Malgin wins face-off versus Trevor Moore in Canucks zone.
8:18 of 2nd period - Snap shot by Axel Holmstrom.
8:18 of 2nd period - Shot Misses the Net.
8:20 of 2nd period - Snap shot by Trevor Moore.
8:20 of 2nd period - Shot Misses the Net.
8:22 of 2nd period - Slapshot by Dan Renouf.
8:22 of 2nd period - Shot Blocked by Dakota Mermis.
8:36 of 2nd period - Backhand shot by Marc Del Gaizo.
8:36 of 2nd period - Deflect By Valtteri Puustinen.
8:36 of 2nd period - Shot Misses the Net.
8:36 of 2nd period - Puck is out of play.
8:37 of 2nd period - Nicolas Petan wins face-off versus Dmitry Voronkov in Canucks zone.
8:42 of 2nd period - Noah Dobson is hit by Juho Lammikko and loses puck.
8:49 of 2nd period - Backhand shot by Ryan Lomberg.
8:49 of 2nd period - Stopped by Spencer Knight with a rebound.
8:51 of 2nd period - Slapshot by William Lagesson.
8:51 of 2nd period - Shot Misses the Net.
8:53 of 2nd period - Wrist shot by Nicolas Petan.
8:53 of 2nd period - Deflect By Juho Lammikko.
8:53 of 2nd period - Stopped by Spencer Knight without a rebound.
8:54 of 2nd period - Lane Pederson wins face-off versus Denis Malgin in Penguins zone.
8:55 of 2nd period - Snap shot by Mackenzie MacEachern.
8:55 of 2nd period - Shot Misses the Net.
9:26 of 2nd period - John Marino is hit by Daniil Miromanov and loses puck.
9:39 of 2nd period - Slapshot by William Lagesson.
9:39 of 2nd period - Shot Blocked by Marc Del Gaizo.
9:41 of 2nd period - Wrist shot by Daniil Miromanov.
9:41 of 2nd period - Stopped by Spencer Knight without a rebound.
9:42 of 2nd period - William Lockwood wins face-off versus Jesperi Kotkaniemi in Penguins zone.
9:45 of 2nd period - Snap shot by William Lockwood.
9:45 of 2nd period - Shot Misses the Net.
9:51 of 2nd period - Wrist shot by Trevor Moore.
9:51 of 2nd period - Shot Misses the Net.
9:53 of 2nd period - Snap shot by William Lockwood.
9:53 of 2nd period - Shot Blocked by Marc Del Gaizo.
9:55 of 2nd period - Wrist shot by Trevor Moore.
9:55 of 2nd period - Shot Misses the Net.
9:57 of 2nd period - Wrist shot by Trevor Moore.
9:57 of 2nd period - Goal by Trevor Moore - Penguins : 4 - Canucks : 2.
9:58 of 2nd period - Nicolas Petan wins face-off versus Denis Malgin in neutral zone.
10:00 of 2nd period - Off-side.
10:01 of 2nd period - Nicolas Petan wins face-off versus Denis Malgin in neutral zone.
10:12 of 2nd period - Backhand shot by Nicolas Petan.
10:12 of 2nd period - Stopped by Spencer Knight with a rebound.
10:51 of 2nd period - Slapshot by Marc Del Gaizo.
10:51 of 2nd period - Stopped by Casey DeSmith without a rebound.
10:52 of 2nd period - Lane Pederson wins face-off versus Denis Malgin in Canucks zone.
11:02 of 2nd period - Wrist shot by Matthew Boldy.
11:02 of 2nd period - Stopped by Casey DeSmith without a rebound.
11:03 of 2nd period - Denis Malgin wins face-off versus Nicolas Petan in Canucks zone.
11:04 of 2nd period - Wrist shot by Matthew Boldy.
11:04 of 2nd period - Stopped by Casey DeSmith with a rebound.
11:06 of 2nd period - Slapshot by John Marino.
11:06 of 2nd period - Stopped by Casey DeSmith without a rebound.
11:07 of 2nd period - Nicolas Petan wins face-off versus Denis Malgin in Canucks zone.
11:09 of 2nd period - Double Minor Penalty to Ryan Lomberg for High sticking.
11:10 of 2nd period - Denis Malgin wins face-off versus Nicolas Petan in Canucks zone.
11:10 of 2nd period - Slapshot by Matthew Boldy.
11:10 of 2nd period - Goal by Matthew Boldy - Penguins : 5 - Canucks : 2.
11:11 of 2nd period - Clayton Keller wins face-off versus Nicolas Petan in neutral zone.
11:38 of 2nd period - Mackenzie MacEachern is hit by John Marino.
13:09 of 2nd period - Dakota Mermis is hit by Trevor Moore.
13:10 of 2nd period - Penalty to Ryan Lomberg is over, Ryan Lomberg is back on ice.
13:52 of 2nd period - Icing by Viktor Loov.
13:53 of 2nd period - Dmitry Voronkov wins face-off versus Nicolas Petan in Penguins zone.
13:53 of 2nd period - Dmitry Voronkov is hit by Daniil Miromanov.
14:01 of 2nd period - Snap shot by Jeff Malott.
14:01 of 2nd period - Stopped by Casey DeSmith with a rebound.
14:03 of 2nd period - Snap shot by Viktor Loov.
14:03 of 2nd period - Deflect By Jesperi Kotkaniemi.
14:03 of 2nd period - Deflect By Nicolas Petan.
14:03 of 2nd period - Stopped by Casey DeSmith with a rebound.
14:05 of 2nd period - Slapshot by Viktor Loov.
14:05 of 2nd period - Shot Misses the Net.
14:07 of 2nd period - Wrist shot by Jeff Malott.
14:07 of 2nd period - Shot Blocked by Ryan Lomberg.
14:17 of 2nd period - Slapshot by Philipp Kurashev.
14:17 of 2nd period - Deflect By Jesper Boqvist.
14:17 of 2nd period - Goal by Jesper Boqvist - Penguins : 6 - Canucks : 2.
14:18 of 2nd period - Nicolas Petan wins face-off versus Denis Malgin in neutral zone.
14:32 of 2nd period - Wrist shot by Clayton Keller.
14:32 of 2nd period - Goal by Clayton Keller - Penguins : 7 - Canucks : 2.
14:33 of 2nd period - Denis Malgin wins face-off versus Ryan Lomberg in neutral zone.
15:39 of 2nd period - Wrist shot by Ryan Lomberg.
15:39 of 2nd period - Shot Blocked by Marc Del Gaizo.
15:41 of 2nd period - Slapshot by Will Borgen.
15:41 of 2nd period - Shot Blocked by Marc Del Gaizo.
15:43 of 2nd period - Snap shot by Nicolas Petan.
15:43 of 2nd period - Deflect By Ryan Lomberg.
15:43 of 2nd period - Stopped by Spencer Knight with a rebound.
15:45 of 2nd period - Slapshot by Daniil Miromanov.
15:45 of 2nd period - Shot Blocked by Clayton Keller.
16:03 of 2nd period - Noah Dobson is hit by C.J. Smith and loses puck.
16:18 of 2nd period - Slapshot by Daniil Miromanov.
16:18 of 2nd period - Stopped by Spencer Knight with a rebound.
16:20 of 2nd period - Snap shot by Axel Holmstrom.
16:20 of 2nd period - Canucks goal is going for a video replay.
16:20 of 2nd period - The goal is good.
16:20 of 2nd period - Goal by Axel Holmstrom - Penguins : 7 - Canucks : 3.
16:21 of 2nd period - Denis Malgin wins face-off versus Nicolas Petan in neutral zone.
16:26 of 2nd period - Slapshot by John Marino.
16:26 of 2nd period - Shot Misses the Net.
16:31 of 2nd period - Adam Ollas-Mattsson is hit by John Marino and loses puck.
16:51 of 2nd period - Slapshot by Daniil Miromanov.
16:51 of 2nd period - Stopped by Spencer Knight with a rebound.
16:53 of 2nd period - Slapshot by Daniil Miromanov.
16:53 of 2nd period - Shot Blocked by Jesper Boqvist.
16:55 of 2nd period - Slapshot by Daniil Miromanov.
16:55 of 2nd period - Stopped by Spencer Knight with a rebound.
17:20 of 2nd period - Minor Penalty to Josh Ho-Sang for Slashing.
17:21 of 2nd period - Nicolas Petan wins face-off versus Denis Malgin in Penguins zone.
17:33 of 2nd period - Snap shot by Nicolas Petan.
17:33 of 2nd period - Shot Misses the Net.
17:35 of 2nd period - Wrist shot by Juho Lammikko.
17:35 of 2nd period - Deflect By Nicolas Petan.
17:35 of 2nd period - Stopped by Spencer Knight with a rebound.
19:20 of 2nd period - Penalty to Josh Ho-Sang is over, Josh Ho-Sang is back on ice.
Goals for this period are 5 for Penguins vs 2 for Canucks.
Shots for this period are 13 for Penguins vs 12 for Canucks.
3rd period
0:01 of 3rd period - Denis Malgin wins face-off versus Ryan Lomberg in neutral zone.
0:38 of 3rd period - Snap shot by William Lockwood.
0:38 of 3rd period - Stopped by Spencer Knight with a rebound.
0:41 of 3rd period - Icing by Dakota Mermis.
0:42 of 3rd period - Philipp Kurashev wins face-off versus Nicolas Petan in Penguins zone.
0:57 of 3rd period - Snap shot by Juho Lammikko.
0:57 of 3rd period - Stopped by Spencer Knight without a rebound.
0:58 of 3rd period - Denis Malgin wins face-off versus Axel Holmstrom in Penguins zone.
2:11 of 3rd period - Slapshot by Valtteri Puustinen.
2:11 of 3rd period - Deflect By Dmitry Voronkov.
2:11 of 3rd period - Shot Blocked by William Lagesson.
2:11 of 3rd period - Puck is out of play.
2:12 of 3rd period - Nicolas Petan wins face-off versus Denis Malgin in Canucks zone.
2:19 of 3rd period - Snap shot by Juho Lammikko.
2:19 of 3rd period - Shot Misses the Net.
2:33 of 3rd period - Clayton Keller is hit by Ryan Lomberg and loses puck.
2:44 of 3rd period - Wrist shot by Mackenzie MacEachern.
2:44 of 3rd period - Stopped by Spencer Knight with a rebound.
2:52 of 3rd period - Wrist shot by Lane Pederson.
2:52 of 3rd period - Shot Misses the Net.
3:07 of 3rd period - Off-side.
3:08 of 3rd period - Axel Holmstrom wins face-off versus Philipp Kurashev in neutral zone.
3:15 of 3rd period - Wrist shot by Axel Holmstrom.
3:15 of 3rd period - Stopped by Spencer Knight with a rebound.
3:17 of 3rd period - Slapshot by Adam Ollas-Mattsson.
3:17 of 3rd period - Stopped by Spencer Knight with a rebound.
3:19 of 3rd period - Snap shot by Dan Renouf.
3:19 of 3rd period - Goal by Dan Renouf - Penguins : 7 - Canucks : 4.
3:20 of 3rd period - Philipp Kurashev wins face-off versus Nicolas Petan in neutral zone.
3:23 of 3rd period - Juho Lammikko is hit by Evan Rodrigues and loses puck.
3:46 of 3rd period - Philipp Kurashev is hit by Lane Pederson and loses puck.
3:57 of 3rd period - Philipp Kurashev is hit by Daniil Miromanov and loses puck.
4:28 of 3rd period - Slapshot by Jesper Boqvist.
4:28 of 3rd period - Shot Misses the Net.
4:30 of 3rd period - Snap shot by Jesper Boqvist.
4:30 of 3rd period - Stopped by Casey DeSmith with a rebound.
4:32 of 3rd period - Slapshot by John Marino.
4:32 of 3rd period - Stopped by Casey DeSmith without a rebound.
4:33 of 3rd period - Nicolas Petan wins face-off versus Denis Malgin in Canucks zone.
4:33 of 3rd period - Ryan Lomberg is hit by Denis Malgin and loses puck.
4:58 of 3rd period - Noah Dobson is hit by Adam Ollas-Mattsson and loses puck.
5:23 of 3rd period - Snap shot by Sampo Ranta.
5:23 of 3rd period - Shot Misses the Net.
5:29 of 3rd period - Noah Dobson is hit by Lane Pederson and loses puck.
5:46 of 3rd period - Snap shot by Matthew Boldy.
5:46 of 3rd period - Shot Misses the Net.
6:32 of 3rd period - Jesper Boqvist is hit by Tobias Lindberg and loses puck.
7:01 of 3rd period - Wrist shot by Juho Lammikko.
7:01 of 3rd period - Deflect By Nicolas Petan.
7:01 of 3rd period - Stopped by Spencer Knight without a rebound.
7:02 of 3rd period - Jesperi Kotkaniemi wins face-off versus Nicolas Petan in Penguins zone.
7:18 of 3rd period - Minor Penalty to Juho Lammikko for High sticking.
7:19 of 3rd period - Nicolas Petan wins face-off versus Denis Malgin in Canucks zone.
7:55 of 3rd period - Slapshot by John Marino.
7:55 of 3rd period - Stopped by Casey DeSmith without a rebound.
7:56 of 3rd period - Philipp Kurashev wins face-off versus Lane Pederson in Canucks zone.
8:03 of 3rd period - Snap shot by Philipp Kurashev.
8:03 of 3rd period - Stopped by Casey DeSmith without a rebound.
8:04 of 3rd period - Jesper Boqvist wins face-off versus Nicolas Petan in Canucks zone.
8:14 of 3rd period - Off-side.
8:15 of 3rd period - Nicolas Petan wins face-off versus Denis Malgin in neutral zone.
9:18 of 3rd period - Penalty to Juho Lammikko is over, Juho Lammikko is back on ice.
9:28 of 3rd period - Wrist shot by Aleksi Heponiemi.
9:28 of 3rd period - Stopped by Spencer Knight without a rebound.
9:29 of 3rd period - Axel Holmstrom wins face-off versus Jesperi Kotkaniemi in Penguins zone.
9:30 of 3rd period - Snap shot by Trevor Moore.
9:30 of 3rd period - Shot Blocked by Josh Ho-Sang.
10:11 of 3rd period - Snap shot by Aleksi Heponiemi.
10:11 of 3rd period - Shot Blocked by John Marino.
10:17 of 3rd period - C.J. Smith is hit by Dakota Mermis and loses puck.
10:26 of 3rd period - Slapshot by Jeff Malott.
10:26 of 3rd period - Shot Blocked by Aku Raty.
10:44 of 3rd period - Adam Ollas-Mattsson is hit by Clayton Keller and loses puck.
11:47 of 3rd period - Snap shot by Clayton Keller.
11:47 of 3rd period - Shot Misses the Net.
11:57 of 3rd period - Snap shot by Juho Lammikko.
11:57 of 3rd period - Shot Blocked by John Marino.
11:59 of 3rd period - Slapshot by William Lagesson.
11:59 of 3rd period - Shot Misses the Net.
12:01 of 3rd period - Snap shot by Daniil Miromanov.
12:01 of 3rd period - Shot Blocked by Dakota Mermis.
12:03 of 3rd period - Slapshot by Daniil Miromanov.
12:03 of 3rd period - Stopped by Spencer Knight without a rebound.
12:04 of 3rd period - Aleksi Heponiemi wins face-off versus Matthew Boldy in Penguins zone.
12:15 of 3rd period - Wrist shot by C.J. Smith.
12:15 of 3rd period - Stopped by Spencer Knight without a rebound.
12:16 of 3rd period - Nicolas Petan wins face-off versus Matthew Boldy in Penguins zone.
12:17 of 3rd period - Snap shot by Ryan Lomberg.
12:17 of 3rd period - Stopped by Spencer Knight without a rebound.
12:18 of 3rd period - Denis Malgin wins face-off versus Nicolas Petan in Penguins zone.
12:25 of 3rd period - Snap shot by Ryan Lomberg.
12:25 of 3rd period - Stopped by Spencer Knight with a rebound.
12:43 of 3rd period - Dan Renouf is hit by Jesper Boqvist and loses puck.
13:20 of 3rd period - Viktor Loov is hit by C.J. Smith and loses puck.
13:29 of 3rd period - Wrist shot by Jeff Malott.
13:29 of 3rd period - Stopped by Casey DeSmith without a rebound.
13:30 of 3rd period - Clayton Keller wins face-off versus Nicolas Petan in Canucks zone.
13:33 of 3rd period - Wrist shot by Denis Malgin.
13:33 of 3rd period - Stopped by Casey DeSmith without a rebound.
13:34 of 3rd period - Denis Malgin wins face-off versus Nicolas Petan in Canucks zone.
13:37 of 3rd period - Snap shot by Denis Malgin.
13:37 of 3rd period - Stopped by Casey DeSmith with a rebound.
14:03 of 3rd period - Icing by Dakota Mermis.
14:04 of 3rd period - Axel Holmstrom wins face-off versus Jesperi Kotkaniemi in Penguins zone.
14:07 of 3rd period - Wrist shot by Axel Holmstrom.
14:07 of 3rd period - Stopped by Spencer Knight with a rebound.
14:29 of 3rd period - Matthew Boldy is hit by Tobias Lindberg and loses puck.
14:40 of 3rd period - Dan Renouf is hit by Matthew Boldy and loses puck.
14:57 of 3rd period - Jesper Boqvist is hit by Ryan Lomberg and loses puck.
15:06 of 3rd period - Slapshot by Ryan Lomberg.
15:06 of 3rd period - Shot Blocked by Noah Dobson.
15:44 of 3rd period - Wrist shot by Josh Ho-Sang.
15:44 of 3rd period - Deflect By Jesperi Kotkaniemi.
15:44 of 3rd period - Shot Blocked by Adam Ollas-Mattsson.
15:44 of 3rd period - Puck is out of play.
15:45 of 3rd period - Denis Malgin wins face-off versus Nicolas Petan in Canucks zone.
15:46 of 3rd period - Snap shot by Matthew Boldy.
15:46 of 3rd period - Stopped by Casey DeSmith with a rebound.
15:48 of 3rd period - Slapshot by John Marino.
15:48 of 3rd period - Deflect By Denis Malgin.
15:48 of 3rd period - Stopped by Casey DeSmith with a rebound.
16:31 of 3rd period - Wrist shot by Sampo Ranta.
16:31 of 3rd period - Stopped by Casey DeSmith without a rebound.
16:32 of 3rd period - Dmitry Voronkov wins face-off versus Tobias Lindberg in Canucks zone.
17:22 of 3rd period - Axel Holmstrom is hit by Evan Rodrigues and loses puck.
17:27 of 3rd period - Wrist shot by Evan Rodrigues.
17:27 of 3rd period - Stopped by Casey DeSmith with a rebound.
17:41 of 3rd period - Jeff Malott is hit by C.J. Smith.
17:49 of 3rd period - Snap shot by Jeff Malott.
17:49 of 3rd period - Shot Misses the Net.
17:51 of 3rd period - Slapshot by Viktor Loov.
17:51 of 3rd period - Deflect By Aleksi Heponiemi.
17:51 of 3rd period - Stopped by Casey DeSmith with a rebound.
18:31 of 3rd period - Noah Dobson is hit by Lane Pederson.
18:41 of 3rd period - Snap shot by Mackenzie MacEachern.
18:41 of 3rd period - Shot Hit the Post.
18:43 of 3rd period - Slapshot by Tobias Lindberg.
18:43 of 3rd period - Stopped by Spencer Knight with a rebound.
18:59 of 3rd period - Marc Del Gaizo is hit by William Lockwood and loses puck.
19:09 of 3rd period - Icing by Dakota Mermis.
19:10 of 3rd period - Aleksi Heponiemi wins face-off versus Dmitry Voronkov in Penguins zone.
19:45 of 3rd period - Wrist shot by Matthew Boldy.
19:45 of 3rd period - Stopped by Casey DeSmith with a rebound.
19:47 of 3rd period - Snap shot by Matthew Boldy.
19:47 of 3rd period - Shot Misses the Net.
19:49 of 3rd period - Snap shot by Denis Malgin.
19:49 of 3rd period - Stopped by Casey DeSmith with a rebound.
Goals for this period are 0 for Penguins vs 1 for Canucks.
Shots for this period are 14 for Penguins vs 14 for Canucks.